General information
- name: BNet
- type: Ladder team game (AT/RT)
- host: Battle.net
- saver: LOL-GENO-SMITH
map: DragonFalls
- players: 8
- length: 19:05
- speed: Fast
- version: 1.26 W3XP
- replay type: Public
» download(161 KB)
Players
team 1 (loser)

»
Fleet-Farm (
pink | 71 APM | 1298 actions | 18:17)
3 Mountain King
2 Storm Bolt
1 Bash
3 Paladin
2 Holy Light
1 Divine Shield
» actions
| Assign group hotkey | 460 | |
| Build / train | 42 | |
| Enter build submenu | 19 | |
| Enter hero's abilities submenu | 6 | |
| Right click | 427 | |
| Select / deselect | 201 | |
| Select group hotkey | 95 | |
| Use ability | 48 | |
1298 total
» units
| Peasant | 8 | |
| Footman | 6 | |
| Gryphon Rider | 6 | |
| Dragonhawk Rider | 3 | |
23 total
» upgrades
| Lumber Harvesting | 2 | |
| Storm Hammers | 1 | |
3 total
» buildings
| Barracks | 1 | |
| Farm | 10 | |
| Altar of Kings | 1 | |
| Scout Tower | 1 | |
| Arcane Tower | 1 | |
| Lumber Mill | 1 | |
| Keep | 2 | |
| Arcane Vault | 1 | |
| Castle | 1 | |
| Gryphon Aviary | 2 | |
| Town Hall | 1 | |
22 total
» build order
00:10 Barracks
00:16 Farm
00:40 Altar of Kings
01:19 Farm
01:57 Scout Tower
02:05 Farm
02:42 Arcane Tower
02:50 Lumber Mill
03:36 Keep
03:37 Keep
03:54 Arcane Vault
04:38 Farm
04:42 Farm
06:01 Castle
06:07 Gryphon Aviary
06:18 Gryphon Aviary
06:30 Farm
06:34 Farm
06:42 Farm
14:29 Farm
14:32 Farm
16:03 Town Hall
» items
| Scroll of Town Portal | 2 | |
| Scroll of Regeneration | 2 | |
4 total

»
OH-IO (
yellow | 50 APM | 939 actions | 18:53)
3 Tauren Chieftain
2 Endurance Aura
1 War Stomp
» actions
| Assign group hotkey | 17 | |
| Build / train | 51 | |
| Enter build submenu | 30 | |
| Enter hero's abilities submenu | 3 | |
| Give item / drop item | 2 | |
| Remove unit from queue | 2 | |
| Right click | 401 | |
| Select / deselect | 234 | |
| Select group hotkey | 134 | |
| Use ability | 65 | |
939 total
» units
| Peon | 10 | |
| Grunt | 5 | |
| Troll Batrider | 6 | |
| Shaman | 8 | |
| Troll Headhunter/Berserker | 2 | |
31 total
» upgrades
| Melee Weapons | 1 | |
| Shaman Training | 2 | |
| Liquid Fire | 1 | |
4 total
» buildings
| Orc Burrow | 10 | |
| Altar of Storms | 2 | |
| Barracks | 2 | |
| Voodoo Lounge | 1 | |
| War Mill | 1 | |
| Stronghold | 1 | |
| Fortress | 1 | |
| Spirit Lodge | 1 | |
| Beastiary | 3 | |
| Watch Tower | 2 | |
| Great Hall | 1 | |
25 total
» build order
00:43 Orc Burrow
00:44 Altar of Storms
01:17 Barracks
01:42 Orc Burrow
02:10 Voodoo Lounge
02:32 War Mill
03:27 Orc Burrow
04:03 Stronghold
05:46 Orc Burrow
06:27 Fortress
06:29 Spirit Lodge
06:56 Beastiary
07:23 Orc Burrow
07:59 Watch Tower
08:18 Watch Tower
08:43 Orc Burrow
09:37 Beastiary
10:00 Beastiary
14:05 Orc Burrow
14:10 Orc Burrow
15:53 Great Hall
15:59 Orc Burrow
16:02 Orc Burrow
16:06 Barracks
16:11 Altar of Storms
» items
| Healing Salve | 1 | |
| Scroll of Speed | 2 | |
| Orb of Lightning | 1 | |
| Potion of Healing | 2 | |
| Potion of Mana | 2 | |
| Lesser Clarity Potion | 1 | |
9 total

»
Boosted (
purple | 116 APM | 2079 actions | 17:58)
4 Death Knight
2 Death Coil
2 Unholy Aura
2 Lich
1 Frost Nova
1 Frost Armor
1 Dreadlord
1 Sleep
» actions
| Assign group hotkey | 36 | |
| Build / train | 85 | |
| ESC pressed | 1 | |
| Enter build submenu | 23 | |
| Enter hero's abilities submenu | 7 | |
| Give item / drop item | 3 | |
| Right click | 1059 | |
| Select / deselect | 270 | |
| Select group hotkey | 515 | |
| Use ability | 80 | |
2079 total
» units
| Acolyte | 11 | |
| Ghoul | 3 | |
| Crypt Fiend | 18 | |
| Banshee | 6 | |
| Frost Wyrm | 4 | |
| Gargoyle | 1 | |
| Green Dragon | 2 | |
45 total
» upgrades
| Creature Attack | 1 | |
| Creature Carapace | 1 | |
| Banshee Training | 1 | |
| Web | 1 | |
4 total
» buildings
| Graveyard | 2 | |
| Crypt | 1 | |
| Altar of Darkness | 2 | |
| Ziggurat | 8 | |
| Tomb of Relics | 1 | |
| Nerubian Tower | 3 | |
| Necropolis | 1 | |
| Halls of the Dead | 3 | |
| Black Citadel | 2 | |
| Temple of the Damned | 1 | |
| Sacrificial Pit | 1 | |
| Boneyard | 2 | |
27 total
» build order
00:08 Graveyard
00:17 Crypt
00:44 Altar of Darkness
00:47 Altar of Darkness
01:00 Ziggurat
01:34 Tomb of Relics
02:04 Ziggurat
02:15 Nerubian Tower
03:55 Ziggurat
05:03 Necropolis
05:30 Halls of the Dead
05:31 Halls of the Dead
05:54 Nerubian Tower
05:56 Ziggurat
06:46 Ziggurat
07:17 Graveyard
08:26 Black Citadel
08:26 Black Citadel
08:44 Temple of the Damned
08:46 Sacrificial Pit
10:51 Boneyard
11:23 Boneyard
13:39 Ziggurat
16:07 Ziggurat
16:07 Ziggurat
» items
| Rod of Necromancy | 1 | |
| Sacrificial Skull | 1 | |
| Dust of Appearance | 1 | |
| Scroll of Regeneration | 1 | |
| Scroll of Town Portal | 2 | |
| Potion of Healing | 1 | |
| Orb of Corruption | 1 | |
| Scroll of Healing | 1 | |
9 total
GeorValFad (
green | 43 APM | 816 actions | 19:03)
4 Death Knight
2 Death Coil
2 Unholy Aura
» actions
| Build / train | 62 | |
| Enter build submenu | 23 | |
| Enter hero's abilities submenu | 4 | |
| Give item / drop item | 3 | |
| Remove unit from queue | 1 | |
| Right click | 509 | |
| Select / deselect | 165 | |
| Use ability | 49 | |
816 total
» units
| Acolyte | 7 | |
| Ghoul | 10 | |
| Crypt Fiend | 9 | |
| Furbolg Shaman | 1 | |
| Goblin Shredder | 1 | |
| Frost Wyrm | 2 | |
30 total
» upgrades
| Creature Carapace | 2 | |
| Web | 1 | |
| Creature Attack | 3 | |
6 total
» buildings
| Altar of Darkness | 1 | |
| Ziggurat | 12 | |
| Crypt | 2 | |
| Graveyard | 1 | |
| Tomb of Relics | 1 | |
| Halls of the Dead | 1 | |
| Sacrificial Pit | 1 | |
| Spirit Tower | 6 | |
| Nerubian Tower | 3 | |
| Black Citadel | 1 | |
| Boneyard | 3 | |
32 total
» build order
00:13 Altar of Darkness
00:16 Ziggurat
00:27 Crypt
01:14 Graveyard
01:21 Tomb of Relics
01:52 Ziggurat
06:43 Halls of the Dead
07:27 Ziggurat
07:30 Ziggurat
08:44 Crypt
08:51 Ziggurat
09:57 Sacrificial Pit
09:59 Spirit Tower
11:23 Ziggurat
11:46 Nerubian Tower
11:54 Nerubian Tower
13:29 Black Citadel
13:42 Ziggurat
13:44 Ziggurat
13:47 Ziggurat
15:04 Spirit Tower
15:05 Nerubian Tower
15:07 Spirit Tower
15:08 Spirit Tower
15:09 Spirit Tower
15:56 Boneyard
16:06 Boneyard
16:09 Boneyard
18:43 Spirit Tower
18:53 Ziggurat
18:55 Ziggurat
18:58 Ziggurat
» items
| Rod of Necromancy | 1 | |
| Potion of Lesser Invulnerability | 1 | |
| Scroll of Town Portal | 2 | |
| Potion of Healing | 4 | |
| Orb of Corruption | 1 | |
9 total
team 2 (winner)
Slavko11 (
teal | 95 APM | 1809 actions | 19:04)
4 Goblin Tinker
2 Pocket Factory
2 Engineering Upgrade
1 Pandaren Brewmaster
1 Breath of Fire
» actions
| Assign group hotkey | 18 | |
| Basic commands | 2 | |
| Build / train | 56 | |
| Enter build submenu | 19 | |
| Enter hero's abilities submenu | 5 | |
| Give item / drop item | 1 | |
| Right click | 635 | |
| Select / deselect | 220 | |
| Select group hotkey | 823 | |
| Use ability | 30 | |
1809 total
» units
» upgrades
| Strength of the Wild | 3 | |
| Well Spring | 1 | |
| Reinforced Hides | 3 | |
| Corrosive Breath | 1 | |
| Ultravision | 1 | |
| Nature's Blessing | 1 | |
10 total
» buildings
| Moon Well | 6 | |
| Ancient of War | 1 | |
| Altar of Elders | 1 | |
| Ancient of Wonders | 1 | |
| Tree of Ages | 1 | |
| Tree of Life | 1 | |
| Hunter's Hall | 2 | |
| Tree of Eternity | 1 | |
| Ancient of Wind | 1 | |
| Chimaera Roost | 3 | |
| Ancient Protector | 2 | |
20 total
» build order
00:30 Moon Well
00:47 Ancient of War
01:11 Altar of Elders
01:46 Moon Well
02:37 Ancient of Wonders
03:49 Tree of Ages
05:03 Tree of Life
05:53 Hunter's Hall
07:11 Tree of Eternity
07:15 Moon Well
08:20 Moon Well
08:25 Ancient of Wind
09:24 Moon Well
09:29 Hunter's Hall
09:38 Chimaera Roost
09:39 Chimaera Roost
09:41 Chimaera Roost
14:03 Moon Well
15:55 Ancient Protector
15:59 Ancient Protector
» items
| Boots of Speed | 1 | |
| Lesser Clarity Potion | 1 | |
| Orb of Venom | 1 | |
| Potion of Healing | 1 | |
| Scroll of Town Portal | 3 | |
7 total

»
iMlCRO (
red | 102 APM | 1954 actions | 19:04)
5 Death Knight
3 Death Coil
2 Unholy Aura
4 Lich
2 Frost Nova
2 Dark Ritual
» actions
| Assign group hotkey | 34 | |
| Basic commands | 40 | |
| Build / train | 59 | |
| ESC pressed | 2 | |
| Enter build submenu | 25 | |
| Enter hero's abilities submenu | 9 | |
| Give item / drop item | 2 | |
| Right click | 921 | |
| Select / deselect | 238 | |
| Select group hotkey | 541 | |
| Use ability | 83 | |
1954 total
» units
| Acolyte | 8 | |
| Ghoul | 3 | |
| Crypt Fiend | 6 | |
| Frost Wyrm | 6 | |
23 total
» upgrades
| Creature Attack | 3 | |
| Creature Carapace | 3 | |
| Web | 1 | |
| Freezing Breath | 1 | |
8 total
» buildings
| Graveyard | 1 | |
| Crypt | 1 | |
| Altar of Darkness | 1 | |
| Ziggurat | 9 | |
| Tomb of Relics | 5 | |
| Nerubian Tower | 2 | |
| Halls of the Dead | 1 | |
| Spirit Tower | 2 | |
| Black Citadel | 2 | |
| Sacrificial Pit | 1 | |
| Boneyard | 3 | |
28 total
» build order
00:07 Graveyard
00:08 Crypt
00:27 Altar of Darkness
00:37 Ziggurat
01:14 Tomb of Relics
01:17 Tomb of Relics
01:18 Tomb of Relics
01:43 Ziggurat
02:12 Nerubian Tower
04:32 Halls of the Dead
04:55 Ziggurat
05:04 Ziggurat
05:05 Ziggurat
05:10 Ziggurat
05:47 Tomb of Relics
05:49 Ziggurat
06:19 Nerubian Tower
06:19 Spirit Tower
06:20 Spirit Tower
06:53 Black Citadel
06:54 Black Citadel
07:16 Sacrificial Pit
09:18 Boneyard
09:20 Boneyard
09:21 Boneyard
11:31 Ziggurat
11:33 Ziggurat
13:28 Tomb of Relics
» items
| Rod of Necromancy | 1 | |
| Scroll of Town Portal | 3 | |
| Scroll of Healing | 3 | |
| Orb of Corruption | 1 | |
| Potion of Healing | 1 | |
9 total

»
SMERB.COM.COM (
orange | 81 APM | 1545 actions | 19:04)
4 Keeper of the Grove
2 Entangling Roots
2 Thorns Aura
» actions
| Assign group hotkey | 16 | |
| Basic commands | 70 | |
| Build / train | 62 | |
| Enter build submenu | 17 | |
| Enter hero's abilities submenu | 4 | |
| Right click | 900 | |
| Select / deselect | 220 | |
| Select group hotkey | 203 | |
| Use ability | 52 | |
1545 total
» units
» upgrades
» buildings
| Altar of Elders | 1 | |
| Moon Well | 7 | |
| Ancient of War | 2 | |
| Hunter's Hall | 1 | |
| Tree of Ages | 4 | |
| Ancient Protector | 1 | |
| Tree of Eternity | 3 | |
| Ancient of Wonders | 1 | |
| Tree of Life | 1 | |
21 total
» build order
00:22 Altar of Elders
00:34 Moon Well
01:13 Ancient of War
01:52 Moon Well
02:07 Hunter's Hall
02:37 Ancient of War
03:18 Moon Well
04:16 Moon Well
05:12 Moon Well
06:09 Tree of Ages
06:09 Tree of Ages
06:09 Tree of Ages
06:57 Ancient Protector
07:26 Moon Well
08:44 Moon Well
08:52 Tree of Eternity
08:53 Tree of Eternity
08:53 Tree of Eternity
09:57 Ancient of Wonders
13:33 Tree of Life
» items
| Scroll of Town Portal | 7 | |
| Boots of Speed | 1 | |
| Periapt of Vitality | 1 | |
| Scroll of Protection | 1 | |
| Scroll of Healing | 1 | |
11 total

»
LOL-GENO-SMITH (
blue | 59 APM | 1119 actions | 19:05)
4 Priestess of the Moon
2 Scout
2 Trueshot Aura
» actions
| Assign group hotkey | 28 | |
| Basic commands | 4 | |
| Build / train | 45 | |
| Enter build submenu | 17 | |
| Enter hero's abilities submenu | 4 | |
| Remove unit from queue | 1 | |
| Right click | 532 | |
| Select / deselect | 205 | |
| Select group hotkey | 232 | |
| Use ability | 51 | |
1119 total
» units
| Wisp | 17 | |
| Chimaera | 9 | |
| Goblin Zeppelin | 1 | |
27 total
» upgrades
| Strength of the Wild | 3 | |
| Ultravision | 1 | |
| Corrosive Breath | 1 | |
5 total
» buildings
| Moon Well | 6 | |
| Altar of Elders | 1 | |
| Hunter's Hall | 1 | |
| Ancient Protector | 4 | |
| Tree of Ages | 2 | |
| Ancient of Wind | 1 | |
| Ancient of Wonders | 2 | |
| Tree of Eternity | 2 | |
| Chimaera Roost | 3 | |
22 total
» build order
00:18 Moon Well
00:24 Altar of Elders
01:13 Hunter's Hall
01:45 Moon Well
02:19 Ancient Protector
02:48 Ancient Protector
03:31 Tree of Ages
03:32 Tree of Ages
03:41 Moon Well
04:15 Ancient Protector
04:35 Ancient Protector
04:38 Moon Well
05:58 Ancient of Wind
06:18 Ancient of Wonders
06:22 Tree of Eternity
06:22 Tree of Eternity
07:38 Ancient of Wonders
07:46 Moon Well
08:46 Chimaera Roost
08:47 Chimaera Roost
08:50 Chimaera Roost
11:05 Moon Well
» items
| Potion of Healing | 1 | |
| Scroll of Town Portal | 2 | |
3 total
Chat log
(00:08 / All) LOL-GENO-SMITH: 5 pple from channel
(00:09 / Allies) SMERB.COM.COM: denny
(00:10 / Allies) Slavko11: watch a tinker win the game for you
(00:11 / All) OH-IO: lol geno?
(00:13 / All) Slavko11: GL HF
(00:13 / All) OH-IO: lol
(00:24 / All) iMlCRO: U GO TO OSU?
(00:27 / All) OH-IO: did
(00:30 / All) OH-IO: got buddies that do
(00:32 / All) OH-IO: nopw
(00:34 / Allies) Slavko11: red help me clear expo
(00:34 / Allies) Slavko11: ?
(00:35 / All) iMlCRO: im graduating from michigan on saturday
(00:35 / Allies) Slavko11: or not
(00:40 / All) OH-IO: lol..
(00:42 / Allies) iMlCRO: okay
(00:47 / Allies) Slavko11: okay
(00:49 / All) OH-IO: all i gotta say... OH
(00:51 / All) OH-IO: IO
(00:53 / All) iMlCRO: haha
(00:57 / All) OH-IO: naw
(01:04 / All) Boosted: <--
(01:05 / All) Boosted: moron
(01:06 / All) OH-IO: i had friends that went there for med school for some classes
(01:08 / All) OH-IO: its good
(01:10 / All) OH-IO: school
(01:45 / Allies) iMlCRO: u expo or me
(01:49 / Allies) iMlCRO: cuz i was planning on it
(01:51 / Allies) iMlCRO: but.. u can if u want
(01:52 / Allies) Slavko11: uh
(01:53 / Allies) Slavko11: okay
(01:54 / Allies) Slavko11: u expo
(01:56 / Allies) Slavko11: since your ud
(02:03 / Allies) iMlCRO: kk
(02:08 / Allies) Slavko11: i just need fast level 3 tinker
(02:09 / Allies) LOL-GENO-SMITH: clone lone in da house
(02:10 / Allies) Slavko11: so i can harass
(02:14 / Allies) SMERB.COM.COM: wait what
(02:16 / Allies) SMERB.COM.COM: whom is that
(02:19 / Allies) SMERB.COM.COM: are you
(02:20 / Allies) SMERB.COM.COM: :d
(02:22 / Allies) LOL-GENO-SMITH: ^
(02:28 / Allies) SMERB.COM.COM: i mean
(02:30 / Allies) SMERB.COM.COM: im lone
(02:31 / Allies) SMERB.COM.COM: so
(02:32 / Allies) SMERB.COM.COM: who are you
(02:33 / Allies) SMERB.COM.COM: from lone
(02:36 / Allies) LOL-GENO-SMITH: eshan
(02:39 / Allies) SMERB.COM.COM: oh
(02:46 / Allies) Slavko11: coming
(02:47 / Allies) SMERB.COM.COM: i mean
(02:48 / Allies) SMERB.COM.COM: you do
(02:51 / Allies) SMERB.COM.COM: KNOW WHO I AM
(02:58 / All) Fleet-Farm: hello owl
(03:00 / Allies) SMERB.COM.COM: consdering
(03:03 / Allies) SMERB.COM.COM: we are facebook friends
(03:08 / Allies) SMERB.COM.COM: and were in clan fury together
(03:09 / Allies) LOL-GENO-SMITH: lol
(03:16 / Allies) Slavko11: clan net :D
(03:24 / Allies) LOL-GENO-SMITH: oh
(03:25 / Allies) LOL-GENO-SMITH: u
(03:28 / Allies) LOL-GENO-SMITH: clan net from west?
(03:32 / Allies) SMERB.COM.COM: ffa.smerbeck got erased
(03:34 / Allies) SMERB.COM.COM: sad days
(03:39 / Allies) Slavko11: and we made a clan net on east
(05:54 / Allies) Slavko11: lol
(05:55 / Allies) Slavko11: units>?
(05:59 / Allies) iMlCRO: fiends to wyrms
(06:42 / Allies) Slavko11: clear that
(06:44 / Allies) Slavko11: i need
(06:45 / Allies) Slavko11: level 3
(06:47 / Allies) Slavko11: tink
(06:48 / Allies) Slavko11: asap
(06:52 / Allies) LOL-GENO-SMITH: they hitting me
(07:49 / Allies) SMERB.COM.COM: go now
(08:50 / Allies) Slavko11: going to be easy to harass
(09:15 / Allies) LOL-GENO-SMITH: im a lazy asshole i swear
(09:19 / Allies) Slavko11: LOL
(09:20 / Allies) Slavko11: same
(09:27 / Allies) LOL-GENO-SMITH: 100 wood?
(09:50 / Allies) Slavko11: shit
(09:51 / Allies) Slavko11: didnt see
(10:06 / Allies) SMERB.COM.COM: sac me
(10:13 / Allies) Slavko11: ?
(10:16 / Allies) SMERB.COM.COM: if we need to
(10:18 / Allies) SMERB.COM.COM: dont save me
(10:20 / Allies) SMERB.COM.COM: i can port out
(10:24 / Allies) Slavko11: red go
(10:27 / Allies) Slavko11: red
(10:32 / Allies) LOL-GENO-SMITH: tp to oj red
(10:34 / Allies) Slavko11: blue
(10:35 / Allies) Slavko11: tp
(10:39 / Allies) iMlCRO: nah
(10:40 / Allies) iMlCRO: let him die
(10:41 / Allies) SMERB.COM.COM: its ok
(10:43 / Allies) Slavko11: GP
(10:44 / Allies) SMERB.COM.COM: let me die
(10:45 / Allies) Slavko11: TP WTF
(10:45 / Allies) SMERB.COM.COM: for sure
(11:04 / Allies) Slavko11: RED TP
(11:06 / Allies) iMlCRO: shut up
(11:16 / Allies) Slavko11: thats so easy to rape
(11:17 / Allies) Slavko11: wtf u doing
(11:22 / Allies) Slavko11: sigh
(11:27 / Allies) iMlCRO: calm down
(11:39 / Allies) Slavko11: you could of easily raped that
(11:41 / Allies) Slavko11: i dont get it
(11:45 / Allies) iMlCRO: gryphs and fiends
(11:47 / Allies) iMlCRO: vs my 5 fiends
(11:48 / Allies) iMlCRO: ???
(11:59 / Allies) Slavko11: you have support
(12:00 / Allies) iMlCRO: 1 archer?
(12:05 / Allies) Slavko11: and a tinker
(12:15 / Allies) Slavko11: :D
(12:27 / Allies) Slavko11: spare wood any1?
(12:39 / Allies) Slavko11: thx
(13:23 / Allies) iMlCRO: out
(13:34 / Allies) Slavko11: blue tell me when youre ready to go rape bases
(13:40 / Allies) Slavko11: im almost ready
(13:58 / Allies) SMERB.COM.COM: gold
(14:36 / Allies) Slavko11: wait for me
(14:39 / Allies) SMERB.COM.COM: move out
(14:40 / Allies) SMERB.COM.COM: lets go
(14:42 / Allies) Slavko11: :(
(14:51 / Allies) SMERB.COM.COM: back up to teal
(14:53 / Allies) SMERB.COM.COM: when the need may be
(15:03 / Allies) SMERB.COM.COM: go
(15:04 / Allies) SMERB.COM.COM: now
(15:05 / Allies) SMERB.COM.COM: kill
(15:07 / Allies) SMERB.COM.COM: before help
(15:25 / Allies) iMlCRO: back
(15:26 / Allies) iMlCRO: fuck
(15:27 / Allies) iMlCRO: my bad
(15:29 / Allies) Slavko11: b
(15:52 / Allies) iMlCRO: turn
(15:53 / Allies) iMlCRO: ?
(16:45 / All) OH-IO: SO MUCH AIR
(17:49 / Allies) SMERB.COM.COM: dragon
(18:03 / All) Slavko11: GG CLAN NET
(19:00 / All) Slavko11: CLAN NET
(19:01 / All) LOL-GENO-SMITH: kodo #1